AoeStats
← {WaZzU'P} Recluta4!

Arena

509742976Analyzed
4v4 RM · 4d ago on Sep 27, 2026· 61m 54s· 8 players
Game mode
Random Map
Map size
Large (8 player)
Population
200
Speed
Normal
Resources
Standard
Victory
Conquest
Starting age
Dark Age
Ending age
Imperial Age
RankedLock teamsTeams togetherTeam positionsShared explorationLock speedFull tech treeHidden civsTurbo modeCheats
Victory
Defeat
🇺🇸 Britons · United States
1268
+13
🇳🇴 Portuguese · Norway
1257
+14
🇩🇪 Franks · Germany
1238
+14
🇨🇭 Maya · Switzerland
1173
+16
🇲🇽 Danes · Mexico
1216
-15
🇧🇷 Varangians · Brazil
1198
-14
🇺🇸 Muisca · United States
1194
-14
🇵🇪 Bohemians · Peru
1192
-14
[FUCKI] Obi-One Canboneme
11:57 Feudal Age
13:15 Double-Bit Axe
15:47 Castle Age
14:19 Stone Mining
18:27 Wheelbarrow
22:58 Gold Mining
24:22 Hand Cart
24:56 Bow Saw
25:16 Loom
26:31 Forging
26:26 Scale Barding Armor
28:04 Gold Shaft Mining
28:07 Iron Casting
27:37 Husbandry
30:27 Imperial Age
29:03 Chain Barding Armor
29:30 Fortified Wall
30:32 Cavalier
32:25 Blast Furnace
32:01 Plate Barding Armor
32:12 Siege Engineers
32:34 Conscription
32:16 Paladin
37:35 Fletching
37:39 Elite Throwing Axeman
38:50 Scale Mail Armor
39:38 Bodkin Arrow
41:04 Chivalry
40:28 Light Cavalry
43:15 Chemistry
42:36 Ballistics
42:48 Masonry
{WaZzU'P} Recluta4!
9:26 Feudal Age
10:06 Feudal Age
12:24 Double-Bit Axe
12:23 Horse Collar
14:54 Castle Age
16:05 Bow Saw
15:56 Heavy Plow
19:07 Loom
19:09 Town Watch
22:14 Stone Mining
23:46 Wheelbarrow
23:07 Gold Mining
24:33 Gold Shaft Mining
24:33 Hand Cart
25:53 Fletching
26:14 Town Patrol
26:16 Padded Archer Armor
26:39 Bodkin Arrow
27:22 Leather Archer Armor
29:45 Imperial Age
27:21 Squires
28:22 Yeomen
28:52 Scale Mail Armor
29:23 Ballistics
30:30 Bracer
31:32 Chemistry
30:51 Masonry
30:22 Elite Longbowman
31:23 Conscription
32:45 Ring Archer Armor
31:55 Pikeman
33:17 Murder Holes
32:47 Halberdier
33:49 Chain Mail Armor
35:55 Plate Mail Armor
35:52 Warwolf
36:11 Forging
37:26 Two-Man Saw
36:41 Fortified Wall
37:39 Hoardings
38:19 Iron Casting
41:06 Blast Furnace
41:07 Siege Engineers
47:42 Coinage
47:22 Guilds
47:14 Caravan
48:39 Banking
50:11 Capped Ram
51:12 Sappers
52:23 Architecture
61:36 Treadmill Crane
Jonsiboi
10:36 Feudal Age
14:22 Castle Age
12:44 Double-Bit Axe
12:54 Loom
19:50 Wheelbarrow
21:35 Horse Collar
27:01 Imperial Age
25:42 Stone Mining
25:44 Town Watch
26:10 Gold Mining
32:18 Chemistry
31:38 Heavy Plow
31:52 Bow Saw
31:56 Pikeman
32:47 Arquebus
33:57 Fletching
34:08 Scale Mail Armor
34:19 Forging
34:47 Hand Cart
34:25 Stone Mining
35:43 Conscription
36:16 Halberdier
37:16 Guard Tower
37:48 Ballistics
37:56 Bombard Tower
37:42 Siege Engineers
37:49 Masonry
37:20 Treadmill Crane
37:37 Murder Holes
37:52 Fortified Wall
37:42 Bodkin Arrow
38:23 Iron Casting
38:03 Chain Mail Armor
38:14 Elite Organ Gun
39:31 Bracer
40:34 Blast Furnace
41:33 Coinage
41:14 Guilds
41:05 Caravan
41:45 Keep
41:41 Architecture
40:52 Treadmill Crane
41:22 Fortified Wall
41:08 Murder Holes
41:39 Town Patrol
43:23 Circumnavigation
42:54 Sappers
44:28 Banking
46:36 Stone Shaft Mining
54:33 Onager
61:34 Capped Ram
{WaZzU'P} GranPolo
0:32 Loom
10:58 Feudal Age
15:14 Castle Age
15:03 Double-Bit Axe
15:01 Horse Collar
15:16 Stone Mining
17:20 Gold Mining
21:24 Bow Saw
23:12 Town Watch
25:41 Scale Mail Armor
31:59 Squires
32:40 Wheelbarrow
32:29 Forging
32:39 Pikeman
35:04 Heavy Plow
35:59 Iron Casting
36:45 Chain Mail Armor
41:56 Imperial Age
40:47 Hand Cart
41:26 Eagle Warrior
45:01 Imperial Age
46:21 Plate Mail Armor
47:13 Blast Furnace
50:20 Town Patrol
50:41 Elite Eagle Warrior
51:45 Halberdier
52:39 Capped Ram
55:38 Coinage
55:19 Guilds
56:31 Holcans
55:34 Siege Ram
[MIAAU] GM Panzer IV
10:19 Loom
12:42 Feudal Age
14:31 Wheelbarrow
14:43 Double-Bit Axe
14:40 Horse Collar
17:15 Castle Age
16:02 Gold Mining
16:03 Stone Mining
20:12 Bow Saw
20:18 Town Watch
21:45 Gold Shaft Mining
21:30 Heavy Plow
32:42 Imperial Age
31:59 Hand Cart
33:39 Town Patrol
33:06 Pikeman
33:39 Onager
34:16 Northmen's Fury
35:12 Siege Engineers
36:28 Conscription
36:44 Halberdier
37:24 Squires
37:26 Scale Mail Armor
38:22 Forging
38:32 Devotion
40:19 Ballistics
41:48 Chain Mail Armor
41:26 Hamask
46:09 Plate Mail Armor
45:30 Fletching
45:29 Elite Jomsviking
48:21 Iron Casting
47:42 Bodkin Arrow
49:54 Heavy Scorpion
49:55 Siege Onager
52:03 Chemistry
57:33 Hoardings
56:55 Murder Holes
57:10 Masonry
Abate
10:13 Feudal Age
14:10 Castle Age
12:10 Double-Bit Axe
12:26 Horse Collar
15:19 Bow Saw
20:47 Loom
22:30 Wheelbarrow
22:50 Gold Mining
26:09 Imperial Age
23:48 Crossbowman
24:19 Fletching
25:52 Thumb Ring
25:45 Bodkin Arrow
26:23 Ballistics
26:33 Padded Archer Armor
27:52 Chemistry
26:26 Arbalester
27:32 Heavy Plow
27:48 Leather Archer Armor
28:19 Conscription
28:58 Hand Cart
29:26 Bracer
29:41 Herbalism
35:27 Elite Skirmisher
35:51 Pikeman
37:38 Masonry
37:34 Siege Engineers
Komo Kazada
9:52 Feudal Age
14:01 Castle Age
12:02 Double-Bit Axe
12:53 Horse Collar
15:32 Bow Saw
17:53 Wheelbarrow
19:06 Heavy Plow
22:53 Stone Mining
23:42 Hand Cart
26:06 Gold Mining
29:47 Imperial Age
27:35 Forging
27:30 Scale Barding Armor
29:19 Iron Casting
28:44 Scale Mail Armor
28:50 Scale Barding Armor
28:21 Vendel Legacy
30:23 Bloodlines
30:13 Husbandry
30:21 Loom
30:57 Chain Mail Armor
31:43 Blast Furnace
30:07 Cavalier
31:50 Chain Barding Armor
34:02 Conscription
35:00 Gothikon
36:08 Masonry
36:04 Siege Engineers
36:27 Elite Varangian Guard
37:07 Squires
36:52 Gambesons
36:53 Arson
37:40 Plate Mail Armor
37:45 Plate Barding Armor
37:42 Plate Mail Armor
39:56 Caravan
48:16 Light Cavalry
50:40 Architecture
50:07 Murder Holes
59:29 Hussar
EL CHANCHO 3026
10:24 Feudal Age
14:27 Castle Age
13:02 Loom
14:02 Double-Bit Axe
16:10 Bow Saw
19:19 Sanctity
19:30 Fervor
23:35 Redemption
34:47 Imperial Age
32:52 Wheelbarrow
34:15 Scale Mail Armor
38:04 Conscription
37:08 Elite Hussite Wagon
39:04 Wagenburg Tactics
38:39 Man-at-Arms
40:23 Arson
44:24 Elite Skirmisher
44:34 Long Swordsman
45:45 Two-Handed Swordsman
47:29 Ballistics
48:15 Chemistry
47:36 Champion
49:04 Forging
49:10 Chain Mail Armor
49:16 Masonry
50:53 Padded Archer Armor
50:44 Fletching
52:37 Town Watch
53:13 Hand Cart
53:34 Plate Mail Armor
53:40 Caravan
54:58 Leather Archer Armor
55:19 Iron Casting
54:40 Bodkin Arrow
54:30 Horse Collar
55:06 Squires
54:27 Pikeman
60:12 Blast Furnace
59:55 Light Cavalry
60:36 Husbandry
61:19 Scale Barding Armor
Connection lost

Rejoining the realm…

Still unreachable

The connection could not be restored.

Session expired

The server has moved on; the page needs a fresh start.